 Dungeon Crawl Stone Soup version 0.21.1-1-g345015f (webtiles) character file.

723 poirepourri the Cleaver (level 7, -1/64 HPs)
             Began as a Deep Dwarf Fighter on July 20, 2018.
             Slain by an orc wizard
             ... wielding a +0 dagger
              (3 damage)
             ... on level 6 of the Dungeon.
             The game lasted 00:04:46 (3503 turns).

poirepourri the Cleaver (Deep Dwarf Fighter)        Turns: 3503, Time: 00:04:48

Health: -1/64      AC:  1    Str: 18 (19) XL:     7   Next: 43%
Magic:  4/4        EV:  8    Int:  6 (9)  God:
Gold:   287        SH:  9    Dex: 11 (14) Spells: 6/6 levels left

rFire    x . .     SeeInvis .   a - +0 war axe
rCold    + . .     Gourm    .   c - +0 shield
rNeg     . . .     Faith    .   (no armour)
rPois    .         Spirit   .   p - +0 helmet
rElec    .         Reflect  .   (no cloak)
rCorr    .         Harm     .   (no gloves)
MR       +....                  (no boots)
Stlth    +.........             (no amulet)
HPRegen  0.00/turn              o - ring of ice
MPRegen  0.09/turn              (no ring)

@: non-regenerating
A: damage resistance, heal wounds, sense surroundings 1, no regeneration
a: Heal Wounds


You were on level 6 of the Dungeon.
You were very hungry.

You visited 1 branch of the dungeon, and saw 6 of its levels.

You collected 287 gold pieces.

Inventory:

Hand Weapons
 a - a +0 war axe (weapon)
 b - a +0 hunting sling
Armour
 c - a +0 shield (worn)
 l - a +0 scale mail
 m - the +3 salamander hide armour {+Rage rF++}
   (You found it on level 4 of the Dungeon)

   It greatly protects you from fire.
   It lets you go berserk.
 p - a +0 helmet (worn)
Jewellery
 h - an uncursed amulet of faith
 o - a ring of ice (left hand)
Wands
 e - a wand of polymorph (15)
Scrolls
 g - 2 scrolls of remove curse
 q - a scroll of blinking
Potions
 d - 2 potions of might
 i - a potion of heal wounds {unknown}
 j - a potion of lignification
Books
 r - a book of Conjurations

   Spells                             Type                      Level
   a - Magic Dart                     Conjuration                  1
   b - Searing Ray                    Conjuration                  2
   c - Dazzling Spray                 Conjuration/Hexes            3
   d - Fulminant Prism                Conjuration/Hexes            4
   e - Force Lance                    Conjuration/Translocation    4
   f - Iskenderun's Mystic Blast      Conjuration                  4
Comestibles
 f - 11 rations


   Skills:
 - Level 4.0 Fighting
 + Level 8.6 Axes
 - Level 3.2 Armour
 - Level 3.2 Shields


You had 6 spell levels left.
You didn't know any spells.

Dungeon Overview and Level Annotations

Branches:
Dungeon (6/15)
 Temple: D:4-7

Altars:
Gozag
Nemelex Xobeh
Okawaru
Vehumet
Wu Jian


Innate Abilities, Weirdness & Mutations

You are resistant to damage.
You can heal yourself by infusing magical energy.
You passively map a small area around you.
You do not regenerate.


Message History

You miss something. You hit the jackal but do no damage.
You block the jackal's attack.
You hear some strange, mumbled words.
A puff of flame appears from out of thin air!
The puff of flame hits you! The fire burns you terribly!
* * * LOW HITPOINT WARNING * * *
You closely miss something. You slash the jackal!
You kill the jackal!
You hear some strange, mumbled words.
Something tries to affect you, but you resist.
Your shield prevents you from hitting something.
You block something's attack.
You miss something. You barely miss the jackal.
You hear some strange, mumbled words.
A magic dart appears from out of thin air!
The magic dart hits you!
* * * LOW HITPOINT WARNING * * *
The jackal bites you but does no damage.
Something hits you.
You die...

######
####.##.#### *
#..........##
##...........#
##............##
,##.........$....#
.#.........†.[...#
...........h@{...#
,....#.<.....)..##
* , . ,
#........### ,
#.......## , *
#....#..# * , ,*
#######.# #.# ##.
* , ,


You could see a jackal.

Vanquished Creatures
  A phantom (D:4)
  Blork the orc (D:4)
  A hound (D:5)
  5 orc priests
  Terence (D:2)
  3 orc wizards
  Natasha (D:4)
  3 worker ants (D:4)
  A hound skeleton (D:5)
  Robin (D:2)
  6 adders
  An ooze (D:2)
  2 adder skeletons
  3 worms
  3 leopard geckos
  11 orcs
  5 bats
  2 giant cockroaches
  9 goblins
  13 hobgoblins
  6 jackals
  4 kobolds
  3 quokkas
  3 frilled lizards
  7 rats
96 creatures vanquished.

Notes
Turn   | Place    | Note
-------+----------+-------------------------------------------
     0 | D:1      | poirepourri the Deep Dwarf Fighter began the quest for the Orb.
     0 | D:1      | Reached XP level 1. HP: 20/20 MP: 1/1
   263 | D:1      | Reached XP level 2. HP: 19/28 MP: 2/2
  1016 | D:2      | Reached XP level 3. HP: 14/36 MP: 3/3
  1403 | D:2      | Noticed Robin
  1421 | D:2      | Killed Robin
  1495 | D:2      | Reached skill level 3 in Axes
  1495 | D:2      | Reached XP level 4. HP: 38/44 MP: 4/4
  1654 | D:2      | Found a sparkling altar of Nemelex Xobeh.
  1655 | D:2      | Found an opulent altar of Gozag.
  1730 | D:2      | Noticed Terence
  1746 | D:2      | Killed Terence
  1746 | D:2      | Reached skill level 4 in Axes
  2243 | D:3      | Found an iron altar of Okawaru.
  2301 | D:3      | Found an ornate altar of the Wu Jian Council.
  2358 | D:3      | Found a radiant altar of Vehumet.
  2437 | D:4      | Reached XP level 5. HP: 38/50 MP: 5/5
  2471 | D:4      | Noticed Natasha
  2479 | D:4      | Killed Natasha
  2479 | D:4      | Reached skill level 5 in Axes
  2537 | D:4      | HP: 1/50 [orc priest/divine providence (12)]
  2543 | D:4      | Reached skill level 6 in Axes
  2543 | D:4      | Reached XP level 6. HP: 26/57 MP: 6/6
  2612 | D:4      | Found the +3 salamander hide armour {+Rage rF++}
  2688 | D:4      | Reached skill level 7 in Axes
  2944 | D:4      | Noticed Blork the orc
  2955 | D:4      | Killed Blork the orc
  2982 | D:4      | Reached XP level 7. HP: 9/64 MP: 6/6
  3029 | D:4      | Reached skill level 8 in Axes
  3157 | D:5      | Entered Level 5 of the Dungeon
  3503 | D:6      | HP: 2/64 [something/magic dart (5)]
  3503 | D:6      | Slain by an orc wizard

Skill      XL: |  1  2  3  4  5  6  7 |
---------------+----------------------+-----
Fighting       | 3 4 |  4.0
Axes           | 3 4 6 7 8 |  8.6
Armour         | |  3.2
Shields        | |  3.2

Action                   |  1- 3 |  4- 6 |  7- 9 || total
-------------------------+-------+-------+-------++-------
Melee: War axe           |   109 |   162 |    90 ||   361
       Unarmed           |       |     5 |       ||     5
 Abil: Heal Wounds       |     1 |     3 |     4 ||     8
  Use: Scroll            |       |     9 |       ||     9
       Potion            |       |     5 |       ||     5
 Stab: Distracted        |       |     1 |       ||     1
  Eat: Chunk             |     2 |     4 |     2 ||     8
Armor: Scale mail        |    56 |    39 |       ||    95
       Skin              |       |     6 |     8 ||    14
Dodge: Dodged            |    33 |    48 |    33 ||   114
Block: Shield            |    66 |    92 |    40 ||   198
